 Dungeon Crawl Stone Soup version 0.31.0-11-ge490571c62 (webtiles) character file.

Game seed: 16053871055202667723

260 qw the Shooter (level 5, -3/26 HPs)
             Began as a Spriggan Hunter on Feb 3, 2024.
             Incinerated by a bombardier beetle (4 damage)
             ... with a burning spray
             ... on level 4 of the Dungeon.
             The game lasted 00:00:09 (2623 turns).

qw the Shooter (Spriggan Hunter)                    Turns: 2623, Time: 00:00:10

Health: -3/26      AC:  2    Str:  7    XL:     5   Next: 95%
Magic:  0/6        EV: 21    Int: 10    God:
Gold:   120        SH:  0    Dex: 21    Spells: 4/4 levels left

rFire   . . .        a - +1 shortbow
rCold   . . .        (shield currently unavailable)
rNeg    . . .        c - +0 robe
rPois   .            (helmet restricted)
rElec   .            (no cloak)
rCorr   +            (gloves unavailable)
SInv    +            (boots unavailable)
Will    .....        e - amulet of guardian spirit
Stlth   +            h - ring of resist corrosion
HPRegen 0.24/turn    (no ring)
MPRegen 0.10/turn

%: guardian spirit
@: on fire, glowing, very quick
A: very small, no large weapons, unfitting armour, see invisible, speed 3
a: no special abilities


You were on level 4 of the Dungeon.
You visited 1 branch of the dungeon, and saw 4 of its levels.

You collected 159 gold pieces.
You spent 39 gold pieces at shops.


Innate Abilities, Weirdness & Mutations

You are very small and have problems with some larger weapons.
You are too small for most types of armour.
You have supernaturally acute eyesight. (SInv)
You cover ground extremely quickly. (Speed+++)


   Skills:
 - Level 2.0 Fighting
 - Level 6.1 Ranged Weapons
 + Level 5.4 Dodging
 - Level 1.5 Stealth


You had 4 spell levels left.
You didn't know any spells.
Your spell library was empty.

Inventory:

Hand Weapons
 a - a +1 shortbow (weapon)
Armour
 c - a +0 robe (worn)
Jewellery
 e - an amulet of guardian spirit (around neck)
 h - a ring of resist corrosion (left hand)
Wands
 b - a wand of mindburst (18)
Scrolls
 d - a scroll of teleportation
 g - 2 scrolls of vulnerability {unknown}
 l - 3 scrolls of identify
Potions
 f - 4 potions of curing
 i - a potion of mutation {unknown}
 j - 2 potions of heal wounds
 k - a potion of might {unknown}

Dungeon Overview and Level Annotations

Branches:
Dungeon (4/15)
 Temple: D:4-7

Altars:

Shops:
D:2 *

Annotations:
D:4 3 runed translucent doors, qw's ghost, amateur SpHu


Message History

You shoot an arrow. The arrow hits the bombardier beetle.
The bombardier beetle is heavily wounded.
You shoot an arrow. The arrow hits the bombardier beetle.
The bombardier beetle is severely wounded.
You shoot an arrow. The arrow hits the bombardier beetle.
The bombardier beetle is severely wounded.
The bombardier beetle sprays incendiary fluid at you.
The burning spray misses you.
You shoot an arrow. The arrow hits the bombardier beetle.
The bombardier beetle is almost dead.
The bombardier beetle sprays incendiary fluid at you.
The burning spray misses you.
You shoot an arrow.
The arrow barely misses the bombardier beetle.
You shoot an arrow. The arrow hits the bombardier beetle.
The bombardier beetle is almost dead.
The bombardier beetle sprays incendiary fluid at you.
The burning spray hits you.
You are covered in liquid fire!
You shoot an arrow. The arrow hits the bombardier beetle.
You kill the bombardier beetle!
The liquid fire burns you!
Your Ranged Weapons skill increases to level 6!
You are on fire!
The liquid fire burns you!
You are on fire!
The liquid fire burns you!
You are on fire!
The liquid fire burns you!
You are on fire!
The liquid fire burns you!
You are on fire!
The liquid fire burns you!
You are on fire!
The liquid fire burns you!
You are on fire!
The liquid fire burns you!
You are on fire!
The liquid fire burns you!
You die...

#....##...#...##
#...
#.............#
#...
#.....#####...#
..... ###.#.#
...# #.... #.#.#
..# ... #.#.#
..# ..# #.#.#
...# ###+#.#
...# #...@.#
#... .........#
#... .........#
#... .........#
...# .........#
.. ####.....#
#.....# ......#
.## ...


There were no monsters in sight!

Vanquished Creatures
  A bombardier beetle (D:4)
  2 hounds
  An iguana (D:4)
  6 adders
  A ribbon worm (D:3)
  3 dart slugs
  5 ball pythons
  3 bats
  9 endoplasms
  4 giant cockroaches
  11 goblins
  10 hobgoblins
  9 kobolds
  5 quokkas
  6 frilled lizards
  8 rats
84 creatures vanquished.

Notes
Turn   | Place    | Note
-------+----------+-------------------------------------------
     0 | D:1      | qw the Spriggan Hunter began the quest for the Orb.
     0 | D:1      | Reached XP level 1. HP: 10/10 MP: 2/2
     0 | D:1      | 0 ||| qw: Version: 0.3-a-158-g18b3111
     0 | D:1      | 0 ||| qw: Game counter: 4212
     0 | D:1      | 0 ||| qw: Melee chars always use a shield: true
     0 | D:1      | 0 ||| qw: God list: Okawaru
     0 | D:1      | 0 ||| qw: Allow faded altars: false
     0 | D:1      | 0 ||| qw: Do Orc after clearing Dungeon:15 true
     0 | D:1      | 0 ||| qw: Do second Lair branch before Depths: true
     0 | D:1      | 0 ||| qw: Lair rune preference: random
     0 | D:1      | 0 ||| qw: Goals: Normal
     0 | D:1      | 0 ||| PLANNING D:1-11
   140 | D:1      | Reached skill level 3 in Dodging
   237 | D:1      | Reached XP level 2. HP: 14/14 MP: 3/3
   707 | D:1      | Reached XP level 3. HP: 18/18 MP: 4/4
   829 | D:1      | 829 ||| UPGRADING to amulet of guardian spirit.
   834 | D:1      | 834 ||| DROPPING scroll of butterflies.
   963 | D:2      | Found Ecysoc's General Store.
   975 | D:2      | 975 ||| BUYING potion of curing (39 gold).
   975 | D:2      | Bought a potion of curing for 39 gold pieces
  1409 | D:2      | Reached skill level 5 in Ranged Weapons
  1418 | D:2      | 1418 ||| UPGRADING to ring of resist corrosion.
  1419 | D:2      | 1419 ||| DROPPING ring of wizardry.
  1502 | D:3      | Reached XP level 4. HP: 22/22 MP: 5/5
  2027 | D:3      | Reached XP level 5. HP: 21/26 MP: 4/6
  2120 | D:3      | 2120 ||| READING 3 scrolls labelled PYG CENEIGUSK.
  2120 | D:3      | 2120 ||| IDENTIFYING bubbling coppery potion
  2121 | D:3      | 2121 ||| READING 2 scrolls of identify.
  2121 | D:3      | 2121 ||| IDENTIFYING brown potion
  2122 | D:3      | 2122 ||| READING scroll of identify.
  2122 | D:3      | 2122 ||| IDENTIFYING coppery potion
  2123 | D:3      | 2123 ||| READING scroll labelled UCYIVV GEPPUSEUSCH.
  2127 | D:3      | 2127 ||| READING scroll labelled IREANL VOQEO.
  2127 | D:3      | 2127 ||| ENCHANTING +0 shortbow.
  2128 | D:3      | 2128 ||| READING scroll labelled WEDIGR ELOZOF.
  2128 | D:3      | 2128 ||| ENCHANTING +1 shortbow.
  2129 | D:3      | 2129 ||| DROPPING potion of magic.
  2130 | D:3      | 2130 ||| DROPPING potion of ambrosia.
  2283 | D:4      | Found a runed translucent gate.
  2283 | D:4      | Found a runed translucent gate.
  2284 | D:4      | Found a runed translucent gate.
  2287 | D:4      | Noticed qw's ghost (amateur SpHu)
  2289 | D:4      | Noticed a centaur
  2616 | D:4      | Reached skill level 6 in Ranged Weapons
  2620 | D:4      | HP: 5/26 [burnt (3)]
  2621 | D:4      | HP: 2/26 [burnt (3)]
  2623 | D:4      | Incinerated by a bombardier beetle

Levels and vault maps discovered:
D:1:      dpeg_arrival_pond, layout_basic
D:2:      layout_loops_cross, serial_shops, shop
D:3:      layout_basic, st_stairs_7, minmay_bisected
D:4:      layout_basic, gammafunk_ghost_split

Skill      XL: |  1  2  3  4  5 |
---------------+----------------+-----
Dodging        | 3 4 5 |  5.4
Ranged Weapons | 5 6 |  6.1
Fighting       | 2 |  2.0
Stealth        | |  1.5

Action                     |  1- 3 |  4- 6 || total
---------------------------+-------+-------++-------
   Fire: Shortbow          |   116 |   140 ||   256
    Use: Scroll            |       |     6 ||     6
 Armour: Robe              |     1 |    16 ||    17
  Dodge: Dodged            |    23 |    44 ||    67

Table legend:
 A = Non-vault XP
 B = Vault XP
 C = Vault XP percentage of total XP
 D = Non-vault monster count
 E = Vault monster count
 F = Vault count percentage of total count
                 A         B        C        D         E       F
            +---------+---------+-------+---------+---------+-------
      Total |     351 |      21 |   5.6 |      78 |       6 |   7.1
            +---------+---------+-------+---------+---------+-------
        D:1 |      42 |       0 |   0.0 |      26 |       0 |   0.0
        D:2 |      50 |       0 |   0.0 |      20 |       0 |   0.0
        D:3 |     104 |      21 |  16.8 |      22 |       6 |  21.4
        D:4 |     155 |       0 |   0.0 |      10 |       0 |   0.0
            +---------+---------+-------+---------+---------+-------
